 Dungeon Crawl Stone Soup version 0.31-a0-1499-ge0622b2318 (webtiles) character file.

Game seed: 17548412312032675558

92813 RBrandon the Black Sun (level 15, -9/115 HPs)
             Began as a Vampire Summoner on Dec 30, 2023.
             Was a High Priest of Kikubaaqudgha.
             Mangled by a naga warrior
             ... wielding a +0 short sword
              (33 damage)
             ... on level 1 of the Snake Pit.
             The game lasted 02:03:40 (24318 turns).

RBrandon the Black Sun (Vampire Summoner)          Turns: 24318, Time: 02:03:41

Health: -9/115     AC: 17    Str:  7    XL:     15   Next: 58%
Magic:  11/30      EV: 19    Int: 26    God:    Kikubaaqudgha [*****.]
Gold:   741        SH:  0    Dex: 22    Spells: 5/36 levels left

rFire   + . .        v - +6 demon blade (drain)
rCold   . . .        A - orb {*channel}
rNeg    . . .        k - +0 troll leather armour {Pargi}
rPois   .            O - +2 helmet
rElec   .            m - +1 cloak
rCorr   .            j - +2 pair of gloves {hurl}
SInv    +            w - +1 pair of boots of the Cobbler {rF+ Int+2}
Will    +....        a - amulet of magic regeneration
Stlth   +++          B - +6 ring of dexterity
HPRegen 1.39/turn    d - +4 ring of protection
MPRegen 0.62/turn

%: channel magic (20%)
@: lethally poisoned (-9 -> -10), death channelling, animating dead, healing
quickly, constricted
A: alive, fangs 3, see invisible, vampiric 2
a: Exsanguinate, Renounce Religion, Unearth Wretches, Torment


You were on level 1 of the Snake Pit.
You worshipped Kikubaaqudgha.
Kikubaaqudgha was extremely pleased with you.
You visited 5 branches of the dungeon, and saw 25 of its levels.
You also visited: Sewer, Ice Cave and Volcano.

You collected 2215 gold pieces.
You spent 1474 gold pieces at shops.

Inventory:

Hand Weapons
 v - a +6 demon blade of draining (weapon)
   (You subdued it on level 11 of the Dungeon)
Missiles
 g - 4 throwing nets
 z - 3 curare-tipped darts
Armour
 j - a +2 pair of gloves of hurling (worn)
   (You found it on level 9 of the Dungeon)
 k - a +0 troll leather armour (worn) {Pargi}
 m - a +1 cloak (worn)
 w - the +1 pair of boots of the Cobbler (worn) {rF+ Int+2}
   (You found it on level 4 of the Dungeon)

   Int+2:     It affects your intelligence (+2).
   rF+:       It protects you from fire.
 A - an orb of energy (worn)
   (You found it on level 4 of the Dungeon)
 H - an orb of guile
   (You took it off Jeremiah on level 6 of the Dungeon)
 O - a +2 helmet (worn)
Jewellery
 a - an amulet of magic regeneration (around neck)
 d - a +4 ring of protection (right hand)
 t - a +5 ring of evasion
 B - a +6 ring of dexterity (left hand)
 E - a +6 ring of intelligence
 K - a +6 ring of dexterity
 L - a ring of protection from fire
 M - a ring of poison resistance
 Q - a ring of ice
 R - a ring of protection from fire
Wands
 F - a wand of paralysis (13)
 G - a wand of polymorph (4)
 J - a wand of roots (14)
 N - a wand of mindburst (34)
 W - a wand of digging (2)
Scrolls
 h - 5 scrolls of identify
 n - 5 scrolls of teleportation
 o - 6 scrolls of immolation
 r - a scroll of fog
 x - a scroll of blinking
 y - a scroll of enchant armour
 S - a scroll of poison
 T - 2 scrolls of revelation
 Y - a scroll of fear
Potions
 b - 3 potions of magic
 c - 3 potions of enlightenment
 e - 10 potions of haste
 i - a potion of berserk rage
 l - 4 potions of lignification
 p - 4 potions of attraction
 q - 9 potions of curing
 s - 3 potions of might
 u - 2 potions of invisibility
 C - a potion of resistance
 I - 2 potions of cancellation
 P - 2 potions of mutation
 U - 2 potions of ambrosia
 V - 2 potions of brilliance
Miscellaneous
 f - a lightning rod (4/4)
 X - a tin of tremorstones (2/2)


   Skills:
 - Level 10.0 Fighting
 - Level 10.0 Long Blades
 - Level 14.1 Dodging
 - Level 3.0 Stealth
 + Level 11.3 Spellcasting
 - Level 11.6 Summonings
 - Level 14.1 Necromancy
 - Level 3.4 Fire Magic


You had 5 spell levels left.
You knew the following spells:

 Your Spells              Type           Power      Damage    Failure   Level
a - Animate Dead          Necr           73%        N/A       2%          4
b - Curse of Agony        Necr           73%        N/A       3%          5
c - Call Canine Familiar  Summ           66%        N/A       1%          3
d - Dispel Undead         Necr           73%        3d24      2%          4
e - Sublimation of Blood  Necr           73%        N/A       1%          2
f - Vampiric Draining     Necr           73%        2d11      1%          3
g - Martyr's Knell        Necr/Summ      69%        N/A       2%          4
h - Death Channel         Necr           36%        N/A       10%         6

Your spell library contained the following spells:

 Spells                   Type           Power      Damage    Failure   Level
 Necrotise                Necr           100%       1d9       1%          1
 Summon Small Mammal      Summ           100%       N/A       1%          1
 Call Imp                 Summ           100%       N/A       1%          2
 Kiss of Death            Conj/Necr      100%       2d13      3%          1
 Cigotuvi's Dreadful Rot  Necr/Alch/Air  78%        N/A       6%          2
 Summon Ice Beast         Ice/Summ       45%        N/A       7%          3
 Summon Blazeheart Golem  Fire/Summ      52%        N/A       10%         4
 Summon Lightning Spire   Summ/Air       45%        N/A       16%         4
 Freeze                   Ice            56%        1d7       17%         1
 Shock                    Conj/Air       56%        1d6       17%         1
 Slow                     Hex            56%        N/A       17%         1
 Ensorcelled Hibernation  Hex/Ice        28%        N/A       24%         2
 Static Discharge         Conj/Air       28%        3-5/arc   24%         2
 Confusing Touch          Hex            14%        N/A       38%         3
 Frozen Ramparts          Ice            28%        1d5       38%         3
 Hailstorm                Conj/Ice       14%        3d6       38%         3
 Passwall                 Erth           14%        N/A       38%         3
 Sigil of Binding         Hex            14%        N/A       38%         3
 Swiftness                Air            14%        N/A       38%         3
 Airstrike                Air            7%         2d(1-17)  73%         4
 Leda's Liquefaction      Alch/Erth      7%         N/A       73%         4
 Petrify                  Alch/Erth      14%        N/A       73%         4
 Metabolic Englaciation   Hex/Ice        7%         N/A       95%         5
 Summon Cactus Giant      Summ           33%        N/A       21%         6
 Haunt                    Necr/Summ      34%        N/A       47%         7
 Monstrous Menagerie      Summ           33%        N/A       61%         7
 Infestation              Necr           36%        N/A       90%         8
 Summon Horrible Things   Summ           33%        N/A       99%         8
 Malign Gateway           Summ/Tloc      22%        N/A       100%        7
 Spellforged Servitor     Conj/Summ      22%        N/A       100%        7


Dungeon Overview and Level Annotations

Branches:
Dungeon (15/15)            Temple (1/1) D:4            Lair (5/5) D:11
  Swamp (0/4) Lair:3        Snake (2/4) Lair:2        Slime (0/5) Lair:5
    Orc (2/2) D:12            Elf (0/3) Orc:2        Vaults (0/5) D:13
 Depths (0/4) D:15          Sewer (visited)           IceCv (visited)
Volcano (visited)

Altars:
Ashenzari
Cheibriados
Dithmenos
Fedhas
Gozag
Hepliaklqana
Kikubaaqudgha
Makhleb
Nemelex Xobeh
Okawaru
Qazlal
Ru
Sif Muna
Trog
Uskayaw
Vehumet
Wu Jian
Xom
Yredelemnul
Jiyva

Shops:
D:3 (=   D:6 [:   D:12 ?(   D:15 (   Orc:2 :(?=![?   Snake:1 *[

Portals:
Pandemonium: Orc:2

Annotations:
D:2 exclusion: adder


Innate Abilities, Weirdness & Mutations

Your natural rate of healing is accelerated.
You have razor-sharp teeth.
You have supernaturally acute eyesight. (SInv)
You are afflicted with vampirism and can become a bat while bloodless.


Message History

The splash of poison hits you but does no damage.
You are more poisoned.
The naga warrior spits poison at you. The splash of poison misses you.
Casting: Vampiric Draining (safe; 1% risk of failure)
Confirm with . or Enter, or press ? or * to list all spells.
Aiming: Vampiric Draining (safe; 1% risk of failure)
Press: ? - help, Shift-Dir - straight line, f/p - naga warrior
Aim: a naga warrior, wielding a +0 flail (severely wounded, catching its breath, ally target)
You draw life force from the naga warrior!
You feel life coursing into your body.
You feel very sick.
Your black mamba zombie barely misses the naga warrior. x2
The naga warrior hits you with a +0 flail!!
* * * LOW HITPOINT WARNING * * *
The naga warrior completely misses you.
The naga warrior roars a battlecry!
The naga warrior goes into a battle-frenzy!
Casting: Vampiric Draining (safe; 1% risk of failure)
Confirm with . or Enter, or press ? or * to list all spells.
Aiming: Vampiric Draining (safe; 1% risk of failure)
Press: ? - help, Shift-Dir - straight line, f/p - naga warrior
Aim: a naga warrior, wielding a +0 flail (almost dead, strong, ally target)
You draw life force from the naga warrior!
You kill the naga warrior!
Kikubaaqudgha accepts your kill.
You feel life coursing into your body. Magical energy flows into your mind!
A glowing mist starts to gather...
You feel sick.
Your black mamba zombie bites the naga warrior!
The naga warrior hits you with a +0 short sword!!
* * * LOW HITPOINT WARNING * * *
The naga warrior grabs you. The naga warrior constricts you.
* * * LOW HITPOINT WARNING * * *
Your black mamba zombie bites the naga warrior!
The naga warrior's grasp on you weakens, but your attempt to escape fails.
You feel sick.
Your black mamba zombie bites the naga warrior.
The naga warrior hits you with a +0 short sword!!
You die...
Kikubaaqudgha rasps: "You have failed me!
Welcome... death!"

....#.............##.###.###..⌠..
....#...###########...#####......
..###...Z####.........####.......
..####....#............##...#...#
...####....#....Z......#.........
.....####.......###).....⌠.∩.Z♣..
....#.##....#.....##...#.........
....####....#...Z..##..##...#...#
.##.##......##..@)Z.#..###.......
##.##.###########N..#.#####......
.<.####.......N.....#.##.###..⌠..
##.###......>..N...##.##..###...#
##.#.............##.##....###.##
###...###########..Z........... #
###.......###.# #####.......... #
#.##.......#.## ##.........
###.###.........# #.#.......


You could see a naga warrior (strong, ally target), a friendly spectral naga
warrior and a friendly black mamba zombie.

Vanquished Creatures
  2 fire dragons (D:11)
  2 vault guards (D:13)
  6 boulder beetles
  A catoblepas (Lair:5)
  3 demonspawn (Orc:2)
  3 centaur warriors (D:13)
  A tengu warrior (D:11)
  2 two-headed ogres
  2 anacondas (Snake:1)
  A deep troll earth mage (D:15)
  3 orc high priests (Orc:2)
  A naga warrior (Snake:1)
  A naga sharpshooter (Snake:1)
  A deep elf knight (D:13)
  A skyshark (Lair:2)
  4 skeletal warriors (D:14)
  A hell knight (D:15)
  A deep elf archer (D:13)
  Pikel (D:4)
  3 ugly things
  A deep elf pyromancer (D:14)
  9 orc sorcerers
  4 orc knights (Orc:2)
  A mana viper (Snake:1)
  A wolf spider (D:15)
  2 manticores
  A salamander (shapeshifter) (D:15)
  3 cyclopes
  6 black mambas
  4 kobold blastminers
  2 meliai (D:13)
  3 elephants
  An orange demon (Orc:2)
  A gargoyle (D:13)
  2 cane toads (Lair:2)
  A yaktaur (D:13)
  2 komodo dragons (Lair:2)
  2 tengu conjurers
  An efreet (D:15)
  A red devil (Orc:2)
  A troll (D:12)
  A blink frog (shapeshifter) (D:14)
  2 polar bears
  2 blink frogs (Lair:3)
  7 slime creatures (D:13)
  A vampire (D:11)
  A ynoxinul (Orc:2)
  A shadow (D:10)
  4 wraiths
  2 basilisks
  A wyvern (Lair:2)
  34 yaks
  A steam dragon (D:8)
  6 vampire mosquitoes
  A chaos spawn (Orc:2)
  4 acid dragons
  2 water moccasins (Lair:5)
  4 nagas
  Duvessa (D:6)
  18 orc warriors
  An ice beast (D:11)
  Pargi (Sewer)
  2 black bears
  6 wolves
  An ogre (Orc:2)
  3 boggarts (Lair:2)
  4 centaurs
  A lemure (D:4)
  2 phantoms (D:6)
  4 kobold brigands
  2 necrophages (D:8)
  9 bullfrogs
  A scorpion (Lair:2)
  A cane toad simulacrum (IceCv)
  A wight (D:7)
  A killer bee (D:9)
  2 yak zombies (Lair:2)
  4 electric eels
  3 howler monkeys
  5 nameless horrors
  4 hounds
  2 jellies
  2 gnoll boudas (D:6)
  15 orc priests
  A sleepcap (D:6)
  An iguana (D:7)
  16 orc wizards
  A wolf simulacrum (IceCv)
  A howler monkey zombie (D:8)
  An adder (Sewer)
  8 gnolls (D:6)
  2 river rats (D:6)
  A ribbon worm (D:2)
  A dart slug (D:1)
  35 orcs
  5 endoplasms
  3 giant cockroaches
  A goblin (D:4)
  3 hobgoblins (D:3)
  5 ball pythons
  A bat (D:1)
  5 frilled lizards
  9 kobolds
  4 rats
363 creatures vanquished.

Vanquished Creatures (collateral kills)
  A fire dragon (Lair:5)
  Erolcha (D:13)
  A catoblepas (Lair:5)
  4 hydras
  3 vault guards (D:13)
  A two-headed ogre (D:9)
  2 boulder beetles
  A death yak (Lair:5)
  2 tengu warriors
  3 dancing weapons (D:11)
  An orc high priest (Orc:2)
  A skyshark (Lair:3)
  A sixfirhy (Orc:2)
  A swamp dragon (Lair:5)
  An orc knight (Orc:2)
  A manticore (D:14)
  A mana viper (Snake:1)
  2 cyclopes
  2 deep elf pyromancers
  3 ugly things
  3 elephants
  A kobold blastminer (Orc:1)
  A meliai (D:13)
  2 black mambas
  3 slime creatures
  A naga mage (Snake:1)
  5 cane toads
  Jeremiah (D:6)
  5 kobold demonologists
  5 rime drakes
  3 komodo dragons
  3 trolls
  A polar bear (Lair:3)
  A hornet (D:8)
  Grinder (D:4)
  10 blink frogs
  2 wraiths
  A shadow (D:13)
  27 yaks
  2 wyverns
  A basilisk (Lair:5)
  2 fire elementals (Volcano)
  2 steam dragons
  8 vampire mosquitoes
  Menkaure (D:4)
  2 nagas
  2 acid dragons (D:9)
  5 water moccasins
  A nameless horror (D:10)
  10 orc warriors
  A sky beast (D:6)
  3 swamp drakes (Lair:5)
  An ogre (D:5)
  A boggart (Lair:2)
  7 wolves
  3 lemures
  2 kobold brigands
  Blork the orc (D:4)
  4 bullfrogs
  2 gnoll sergeants (D:6)
  5 scorpions
  2 necrophages (D:8)
  A wyvern zombie (D:8)
  5 wights (D:7)
  Dowan (D:6)
  2 killer bees (D:9)
  A bombardier beetle (D:5)
  A howler monkey (D:8)
  An electric eel (Lair:3)
  3 hounds
  Crazy Yiuf (D:4)
  4 jellies
  A gnoll bouda (D:6)
  4 orc priests
  12 iguanas
  3 sleepcaps
  4 orc wizards
  2 polar bear simulacra (IceCv)
  2 killer bee zombies (D:8)
  8 gnolls (D:6)
  11 adders
  4 ribbon worms
  A shadow imp (D:5)
  2 white imps
  2 ufetubi (D:6)
  2 dart slugs
  35 orcs
  5 ball pythons
  A bat (D:2)
  4 endoplasms
  A giant cockroach (D:6)
  4 goblins
  2 hobgoblins
  A jackal (D:6)
  2 quokkas (D:1)
  14 kobolds
  2 rats
326 creatures vanquished.

Vanquished Creatures (others)
  An ogre mage (D:11)
  A boulder beetle (D:11)
  A two-headed ogre (D:11)
  A lindwurm (Volcano)
  A cyclops (D:11)
  A black mamba (Lair:5)
  2 salamanders (Volcano)
  A cane toad (Lair:3)
  A kobold demonologist (D:10)
  An unseen horror (D:11)
  2 komodo dragons
  A troll (D:9)
  A hydra zombie (Lair:3)
  A boulder beetle zombie (D:11)
  2 slime creatures
  4 black mamba zombies
  4 slime creature zombies
  2 yaks
  A basilisk (D:11)
  An acid dragon (D:11)
  3 cane toad zombies
  A water moccasin (Lair:5)
  A lindwurm zombie (Volcano)
  3 centaurs
  3 vampire mosquito zombies (D:12)
  2 salamander zombies (Volcano)
  A komodo dragon zombie (Lair:2)
  A cyclops zombie (D:11)
  4 bullfrogs
  A water moccasin zombie (Lair:5)
  8 yak zombies
  A polar bear zombie (Lair:4)
  A tengu zombie (D:13)
  A wolf zombie (Lair:1)
  2 howler monkeys (D:11)
  A centaur zombie (D:11)
  7 bullfrog zombies
  A hound (D:8)
  An orc priest (D:11)
  An ice beast zombie (D:11)
  An acid dragon zombie (D:11)
  A hound zombie (D:8)
  A howler monkey zombie (D:11)
  An adder (D:11)
  A ribbon worm (D:8)
  An iguana zombie (Lair:5)
  2 jelly zombies (Lair:5)
  4 orcs
  A ball python (D:11)
  An endoplasm (D:11)
  A goblin (D:8)
  A jackal (D:9)
  A goblin zombie (D:8)
  A jackal zombie (D:9)
  A kobold (D:11)
  A kobold zombie (D:11)
  5 orc zombies
  23 blazeheart cores
122 creatures vanquished.

Grand Total: 811 creatures vanquished

Notes
Turn   | Place    | Note
-------+----------+-------------------------------------------
     0 | D:1      | RBrandon the Vampire Summoner began the quest for the Orb.
     0 | D:1      | Reached XP level 1. HP: 13/13 MP: 3/3
   267 | D:1      | Reached XP level 2. HP: 19/19 MP: 5/5
   273 | D:1      | Learned a level 2 spell: Call Imp
  1088 | D:2      | Gained mutation: You are afflicted with vampirism and can
                  | become a bat while bloodless. [Vampire growth]
  1088 | D:2      | Reached XP level 3. HP: 24/24 MP: 4/7
  1502 | D:2      | Learned a level 3 spell: Call Canine Familiar
  1790 | D:2      | Reached XP level 4. HP: 30/30 MP: 9/9
  2420 | D:3      | Found Pacwa's Jewellery Boutique.
  2564 | D:3      | Found Qiobergha's Weapon Shoppe.
  3031 | D:4      | Reached skill level 5 in Summonings
  3043 | D:4      | Noticed a scorpion
  3053 | D:4      | Killed a scorpion
  3054 | D:4      | Reached XP level 5. HP: 35/35 MP: 5/10
  3161 | D:4      | Noticed Grinder
  3162 | D:4      | Noticed Blork the orc
  3187 | D:4      | Killed Grinder
  3188 | D:4      | Reached XP level 6. HP: 35/41 MP: 0/11
  3312 | D:4      | Killed Blork the orc
  3347 | D:4      | Identified the +1 pair of boots of the Cobbler {rF+ Int+2}
  3442 | D:4      | Learned a level 4 spell: Summon Blazeheart Golem
  3471 | D:4      | Found a staircase to the Ecumenical Temple.
  3482 | Temple   | Entered the Ecumenical Temple
  3503 | Temple   | Became a worshipper of Kikubaaqudgha
  3562 | D:4      | Reached XP level 7. HP: 46/46 MP: 6/12
  3590 | D:4      | Noticed Pikel
  3703 | D:4      | Reached skill level 1 in Fire Magic
  3742 | D:4      | Killed Pikel
  3743 | D:4      | Reached XP level 8. HP: 37/52 MP: 9/13
  3808 | D:4      | Found a runed translucent door.
  3809 | D:4      | Noticed Crazy Yiuf
  3825 | D:4      | Killed Crazy Yiuf
  3973 | D:4      | Noticed Menkaure
  3981 | D:4      | Killed Menkaure
  3982 | D:4      | Reached skill level 1 in Fighting
  4336 | D:5      | Entered Level 5 of the Dungeon
  4544 | D:5      | Reached * piety under Kikubaaqudgha
  4544 | D:5      | Received a gift from Kikubaaqudgha
  4934 | D:5      | Learned a level 2 spell: Sublimation of Blood
  4948 | D:5      | Reached skill level 5 in Dodging
  5361 | D:6      | Found Xicwismy's Armour Boutique.
  5369 | D:6      | Reached skill level 1 in Necromancy
  5421 | D:6      | Bought a +0 pair of gloves for 49 gold pieces
  5459 | D:6      | Noticed Duvessa
  5459 | D:6      | Noticed Dowan
  5483 | D:6      | Killed Dowan
  5500 | D:6      | Reached XP level 9. HP: 41/65 MP: 4/14
  5509 | D:6      | Killed Duvessa
  5525 | D:6      | Learned a level 3 spell: Vampiric Draining
  5546 | D:6      | Noticed Jeremiah
  5596 | D:6      | Paralysed by Jeremiah for 3 turns
  5598 | D:6      | Killed Jeremiah
  5599 | D:6      | Reached skill level 5 in Necromancy
  5809 | D:6      | Found a glowing drain.
  5821 | D:6      | Reached ** piety under Kikubaaqudgha
  5825 | Sewer    | Entered a sewer
  5905 | Sewer    | Noticed Pargi
  5909 | Sewer    | Killed Pargi
  6468 | D:6      | Found Hymudura's Book Shop.
  6970 | D:7      | Reached skill level 5 in Spellcasting
  6970 | D:7      | Reached XP level 10. HP: 67/71 MP: 17/17
  7683 | D:8      | Reached *** piety under Kikubaaqudgha
  7683 | D:8      | Received a gift from Kikubaaqudgha
  7689 | D:8      | Learned a level 4 spell: Martyr's Knell
  7720 | D:8      | You fall into a shaft and drop 1 floor!
  7993 | D:8      | Identified the +5 dagger "Amarym" {drain, rN+ rCorr Stlth+}
  8045 | D:8      | Identified a scroll of acquirement
  8195 | D:8      | Learned a level 4 spell: Animate Dead
  8310 | D:8      | Found a blossoming altar of Fedhas.
  8410 | D:8      | Identified the +0 pair of boots of Tartarus {*Corrode Str+2
                  | Int+3}
  9027 | D:9      | Noticed a tengu warrior
  9062 | D:9      | Found a shadowy altar of Dithmenos.
  9064 | D:9      | Found a sparkling altar of Nemelex Xobeh.
  9241 | D:9      | Noticed a two-headed ogre
  9248 | D:9      | Killed a two-headed ogre
  9249 | D:9      | Reached skill level 5 in Fighting
  9268 | D:9      | Noticed a sun demon
  9617 | D:10     | Entered Level 10 of the Dungeon
  9640 | D:10     | Reached XP level 11. HP: 81/81 MP: 17/22
 10242 | D:11     | Noticed a boulder beetle
 10294 | D:11     | Killed a boulder beetle
 10336 | D:11     | Noticed a tengu warrior
 10338 | D:11     | Noticed a tengu warrior
 10359 | D:11     | Killed a tengu warrior
 10362 | D:11     | Killed a tengu warrior
 10402 | D:11     | Found a runed translucent door.
 10463 | D:11     | Found a staircase to the Lair.
 10484 | Lair:1   | Entered Level 1 of the Lair of Beasts
 10666 | Lair:1   | Reached skill level 10 in Dodging
 11368 | Lair:2   | Found a dark tunnel.
 11400 | Lair:2   | Reached XP level 12. HP: 94/94 MP: 23/23
 11413 | Lair:2   | Found a staircase to the Snake Pit.
 11442 | Lair:2   | Found a shimmering blue altar of Sif Muna.
 11518 | Volcano  | Entered a volcano
 11634 | Lair:2   | Reached skill level 10 in Necromancy
 11751 | Lair:2   | Learned a level 5 spell: Curse of Agony
 12045 | Lair:2   | Identified the +0 ring mail of Wauwan {rC+}
 12222 | Lair:2   | Noticed a catoblepas
 12834 | Lair:3   | Noticed a four-headed hydra
 12841 | Lair:3   | Killed a four-headed hydra
 12915 | Lair:3   | Found a staircase to the Swamp.
 13174 | Lair:3   | Reached XP level 13. HP: 100/100 MP: 20/24
 13514 | Lair:4   | Found a frozen archway.
 13531 | IceCv    | Entered an ice cave
 13562 | IceCv    | Reached **** piety under Kikubaaqudgha
 13879 | Lair:4   | Identified the +0 ring mail of the Evening {rCorr Slay+2}
 14458 | Lair:4   | Learned a level 6 spell: Death Channel
 14555 | Lair:5   | Entered Level 5 of the Lair of Beasts
 14692 | Lair:5   | Found a staircase to the Slime Pits.
 14692 | Lair:5   | Found a viscous altar of Jiyva.
 15009 | Lair:5   | Noticed a fire dragon
 15016 | Lair:5   | Killed a fire dragon
 15445 | D:11     | Reached skill level 10 in Fighting
 16262 | D:11     | Noticed a fire dragon
 16457 | D:12     | Found Rororoxke's Weapon Shop.
 16494 | D:12     | Reached skill level 1 in Long Blades
 16650 | D:12     | Found a staircase to the Orcish Mines.
 16659 | D:12     | Reached XP level 14. HP: 73/107 MP: 21/27
 16759 | D:12     | Found Ogaju's Magic Scroll Shoppe.
 16768 | D:12     | Bought a scroll of enchant armour for 105 gold pieces
 16768 | D:12     | Bought a scroll of blinking for 105 gold pieces
 17080 | Orc:1    | Entered Level 1 of the Orcish Mines
 17370 | Orc:2    | Entered Level 2 of the Orcish Mines
 17491 | Orc:2    | Found Xyusefib's Distillery.
 17494 | Orc:2    | Found Goiplurchi's Magic Scroll Shoppe.
 17610 | Orc:2    | Found Ekudugie's Magic Scroll Shop.
 17614 | Orc:2    | Paralysed by an orc sorcerer for 4 turns
 17856 | Orc:2    | Found a staircase to the Elven Halls.
 17928 | Orc:2    | Found Iqojoso's Antique Armour Shop.
 18053 | Orc:2    | Found Buruokk's Book Emporium.
 18337 | Orc:2    | Found a shimmering blue altar of Sif Muna.
 18433 | Orc:2    | Reached ***** piety under Kikubaaqudgha
 18562 | Orc:2    | Paralysed by an orc sorcerer for 5 turns
 18572 | Orc:2    | Reached skill level 5 in Long Blades
 18869 | Orc:2    | Found Juvve's Jewellery Boutique.
 18869 | Orc:2    | Found Udafif's Antique Weapon Shop.
 18869 | Orc:2    | Found a one-way gate leading to the halls of Pandemonium.
 18904 | Orc:2    | Bought a +4 ring of protection for 468 gold pieces
 19369 | D:13     | HP: 4/98 [poisoned by a meliai]
 20158 | D:13     | Noticed Erolcha
 20177 | D:13     | Killed Erolcha
 20340 | D:13     | Reached skill level 10 in Long Blades
 20340 | D:13     | Reached XP level 15. HP: 90/115 MP: 15/28
 20511 | D:6      | Bought a book of Death for 572 gold pieces
 20805 | D:13     | Reached skill level 10 in Spellcasting
 20835 | D:13     | Found a gate to the Vaults.
 20867 | D:13     | Reached skill level 10 in Summonings
 21238 | D:14     | Found the +11 plutonium sword {^Contam Stlth-}
 21400 | D:14     | Learned a level 4 spell: Dispel Undead
 22061 | D:15     | Entered Level 15 of the Dungeon
 22232 | D:15     | Found a staircase to the Depths.
 22581 | D:15     | Found Muriatin's Antique Weapon Shoppe.
 23046 | Snake:1  | Entered Level 1 of the Snake Pit
 23061 | Snake:1  | Acquired the Handbook of the Congregation
 23119 | Snake:1  | Found Feron's Assorted Antiques.
 23150 | Snake:1  | Bought a triangular golden amulet for 175 gold pieces
 23151 | Snake:1  | Found Lahemo's Antique Armour Boutique.
 23633 | Snake:1  | Found a stormy altar of Qazlal.
 24318 | Snake:1  | Mangled by a naga warrior

Illustrated notes

Levels and vault maps discovered:
D:1:      sevenhm_arrival_forest_fort_small_4, layout_loops_cross
D:2:      minmay_kobold_bridge, layout_basic
D:3:      layout_basic, serial_shops, shop, nicolae_shop_bloodbath_and_beyond,
          serial_bayou_pond_a
D:4:      layout_cave_pools, minmay_temple_entry_poolview, minmay_crystal_room,
          kennysheep_orc_chapel, uniq_pikel, uniq_menkaure,
          uniq_crazy_yiuf_cottage, uniq_blork_the_orc, uniq_grinder
D:5:      layout_basic, hellmonk_no_cap
D:6:      layout_cave_pools, serial_gnoll_camp, gnoll_camp_medium_01,
          gnoll_camp_mini_house, gnoll_camp_mini_house, gnoll_camp_mini_shop,
          serial_shops, nicolae_stop_n_shop_1, portal_sewer_entry_c,
          grunt_decor_resistance, uniq_jeremiah, uniq_duvessa
D:7:      layout_layer_cave
D:8:      layout_basic, fedhas_altar_decomposition, hex_large
D:9:      layout_irregular_city, nicolae_overflow_hidden_temple,
          grunt_tough_drop
D:10:     layout_long_grid
D:11:     layout_basic, lair_entry_dummy, hangedman_decor_clover_reticule,
          nicolae_danse_macabre
D:12:     layout_cave_pools, david_orc_3, serial_shops, shop,
          nicolae_shop_behind_doors
D:13:     layout_stronghold, grunt_vaults_entry_fortified, serial_column_ruins,
          column_ruins_square_small, column_ruins_hut, column_ruins_open_tiny,
          column_ruins_open_tiny, column_ruins_open_tiny,
          column_ruins_columns_straight, column_ruins_open_small, uniq_erolcha
D:14:     layout_stronghold, chequers_serial_rivers_small_3
D:15:     hellmonk_depths_entry_around_the_bend, layout_gridville,
          minmay_misc_feat_cross, serial_shops, shop, nicolae_twisting_strands
Temple:   bh_familiar_temple
Lair:1:   layout_gridlike, infiniplex_staircase_pool, grunt_megastairs_5,
          lemuel_fruit_tree
Lair:2:   layout_layer_cave, minmay_snake_entry_guardpost_small, basic_altar,
          nicolae_volcano_entry_lava_flow, kilobyte_rumbling_trees,
          infiniplex_staircase_pool_2, serial_bayou_shore_a
Lair:3:   layout_roguey, swamp_mist_pool, serial_bayou_ford_a
Lair:4:   layout_roguey, serial_rivers, chequers_serial_rivers_micro_e,
          chequers_serial_rivers_micro_b, chequers_serial_rivers_micro_e,
          chequers_serial_rivers_micro_c, chequers_serial_rivers_large_a,
          portal_ice_cave_entry_pillars_1
Lair:5:   guppyfry_lair_end_dragon, layout_gridlike,
          nicolae_slime_entry_field_trip, minivault_26
Snake:1:  layout_chambers, basic_altar, minmay_shoptagon,
          nicolae_triple_integral
Snake:2:  layout_layer_cave
Orc:1:    dreamdust_wu_jian_sword_trials, layout_diamond_mine,
          nicolae_orc_sculptors_studio, uniq_sonja
Orc:2:    pf_orc_diabolical, layout_caves, basic_altar, serial_shops,
          nicolae_shop_tiny_glass, shop, nicolae_square_shop, led_sif_book

Skill      XL: |  1  2  3  4  5  6  7  8  9 10 11 12 13 14 15 |
---------------+----------------------------------------------+-----
Spellcasting   | 3 5 7 9 11 | 11.3
Summonings     | 5 7 8 9 11 | 11.6
Fire Magic     | 3 |  3.4
Fighting       | 3 5 8 10 | 10.0
Dodging        | 5 7 11 12 14 | 14.1
Necromancy     | 2 8 14 | 14.1
Long Blades    | 2 10 | 10.0
Stealth        | |  3.0

Action                     |  1- 3 |  4- 6 |  7- 9 | 10-12 | 13-15 || total
---------------------------+-------+-------+-------+-------+-------++-------
  Melee: Club              |    26 |       |       |       |       ||    26
         Unarmed           |     8 |       |       |       |       ||     8
         Bite              |     1 |     4 |    22 |    36 |   140 ||   203
         Spear             |    12 |    63 |     8 |       |       ||    83
         Whip              |       |       |    57 |       |       ||    57
         Trident           |       |       |   111 |   389 |   301 ||   801
         Demon blade       |       |       |       |       |   576 ||   576
   Cast: Summon Small Mamm |    23 |     4 |     4 |       |       ||    31
         Call Imp          |    15 |     4 |     3 |       |       ||    22
         Call Canine Famil |     1 |    14 |    25 |    33 |    57 ||   130
         Summon Blazeheart |       |       |    19 |    17 |    15 ||    51
         Vampiric Draining |       |       |     4 |    32 |   132 ||   168
         Martyr's Knell    |       |       |       |    22 |    12 ||    34
         Animate Dead      |       |       |       |    12 |    20 ||    32
         Curse of Agony    |       |       |       |     5 |    23 ||    28
         Death Channel     |       |       |       |       |    21 ||    21
         Dispel Undead     |       |       |       |       |     9 ||     9
 Invoke: Unearth Wretches  |       |       |       |    13 |    11 ||    24
Ability: Begin Untransform |     1 |       |       |       |       ||     1
  Evoke: Lightning rod     |       |       |       |     3 |     3 ||     6
         Wand              |       |       |       |       |     7 ||     7
         Tin of tremorston |       |       |       |       |     2 ||     2
    Use: Potion            |       |       |     3 |     1 |    11 ||    15
         Scroll            |       |       |     6 |    14 |    17 ||    37
   Stab: Sleeping          |     3 |     6 |     5 |     2 |     4 ||    20
         Distracted        |       |       |       |    11 |    14 ||    25
         Paralysed         |       |       |       |     5 |     5 ||    10
         Invisible         |       |       |       |       |     2 ||     2
 Armour: Robe              |    26 |    31 |    92 |       |       ||   149
         Troll leather arm |       |       |    72 |   248 |   611 ||   931
  Dodge: Dodged            |    34 |    32 |   183 |   399 |  1190 ||  1838
   Form: Beast             |     1 |       |       |       |       ||     1

Table legend: (Time is in decaauts)
 A = Elapsed time spent in this place.
 B = Non-inter-level travel time spent in this place.
 C = Inter-level travel time spent in this place.
 D = Time resting spent in this place.
 E = Time spent auto-exploring this place.
 F = Levels seen in this place.
 G = Mean time per level.
                   A        B        C        D        E       F      G
               +--------+--------+--------+--------+--------+-----+--------+
         Total |  24665 |  23030 |   1635 |   1420 |  14092 |  28 |  880.9 |
       Dungeon |  15889 |  14650 |   1239 |    875 |   9450 |  15 | 1059.3 |
        Temple |     27 |     27 |      0 |      0 |      0 |   1 |   27.0 |
          Lair |   4798 |   4545 |    253 |     32 |   2859 |   5 |  959.6 |
     Snake Pit |   1264 |   1220 |     44 |      0 |    991 |   2 |  632.0 |
  Orcish Mines |   2197 |   2099 |     98 |    428 |    748 |   2 | 1098.5 |
         Sewer |    109 |    109 |      0 |      0 |     43 |   1 |  109.0 |
      Ice Cave |    323 |    323 |      0 |     85 |      0 |   1 |  323.0 |
       Volcano |     53 |     53 |      0 |      0 |      0 |   1 |   53.0 |
               +--------+--------+--------+--------+--------+-----+--------+

Top non-repeatable levels by time:
   Orc:2: 1689 daAuts
  Lair:2: 1455 daAuts
    D:13: 1410 daAuts
    D:11: 1400 daAuts
     D:2: 1386 daAuts
     D:6: 1355 daAuts
     D:8: 1205 daAuts
 Snake:1: 1204 daAuts
     D:4: 1082 daAuts
     D:1: 1042 daAuts
     D:5: 1027 daAuts
     D:7: 988 daAuts
    D:14: 976 daAuts
     D:9: 948 daAuts
  Lair:1: 921 daAuts

Levels and vault maps discovered:
D:1:      sevenhm_arrival_forest_fort_small_4, layout_loops_cross
D:2:      minmay_kobold_bridge, layout_basic
D:3:      layout_basic, serial_shops, shop, nicolae_shop_bloodbath_and_beyond,
          serial_bayou_pond_a
D:4:      layout_cave_pools, minmay_temple_entry_poolview, minmay_crystal_room,
          kennysheep_orc_chapel, uniq_pikel, uniq_menkaure,
          uniq_crazy_yiuf_cottage, uniq_blork_the_orc, uniq_grinder
D:5:      layout_basic, hellmonk_no_cap
D:6:      layout_cave_pools, serial_gnoll_camp, gnoll_camp_medium_01,
          gnoll_camp_mini_house, gnoll_camp_mini_house, gnoll_camp_mini_shop,
          serial_shops, nicolae_stop_n_shop_1, portal_sewer_entry_c,
          grunt_decor_resistance, uniq_jeremiah, uniq_duvessa
D:7:      layout_layer_cave
D:8:      layout_basic, fedhas_altar_decomposition, hex_large
D:9:      layout_irregular_city, nicolae_overflow_hidden_temple,
          grunt_tough_drop
D:10:     layout_long_grid
D:11:     layout_basic, lair_entry_dummy, hangedman_decor_clover_reticule,
          nicolae_danse_macabre
D:12:     layout_cave_pools, david_orc_3, serial_shops, shop,
          nicolae_shop_behind_doors
D:13:     layout_stronghold, grunt_vaults_entry_fortified, serial_column_ruins,
          column_ruins_square_small, column_ruins_hut, column_ruins_open_tiny,
          column_ruins_open_tiny, column_ruins_open_tiny,
          column_ruins_columns_straight, column_ruins_open_small, uniq_erolcha
D:14:     layout_stronghold, chequers_serial_rivers_small_3
D:15:     hellmonk_depths_entry_around_the_bend, layout_gridville,
          minmay_misc_feat_cross, serial_shops, shop, nicolae_twisting_strands
Temple:   bh_familiar_temple
Lair:1:   layout_gridlike, infiniplex_staircase_pool, grunt_megastairs_5,
          lemuel_fruit_tree
Lair:2:   layout_layer_cave, minmay_snake_entry_guardpost_small, basic_altar,
          nicolae_volcano_entry_lava_flow, kilobyte_rumbling_trees,
          infiniplex_staircase_pool_2, serial_bayou_shore_a
Lair:3:   layout_roguey, swamp_mist_pool, serial_bayou_ford_a
Lair:4:   layout_roguey, serial_rivers, chequers_serial_rivers_micro_e,
          chequers_serial_rivers_micro_b, chequers_serial_rivers_micro_e,
          chequers_serial_rivers_micro_c, chequers_serial_rivers_large_a,
          portal_ice_cave_entry_pillars_1
Lair:5:   guppyfry_lair_end_dragon, layout_gridlike,
          nicolae_slime_entry_field_trip, minivault_26
Snake:1:  layout_chambers, basic_altar, minmay_shoptagon,
          nicolae_triple_integral
Snake:2:  layout_layer_cave
Orc:1:    dreamdust_wu_jian_sword_trials, layout_diamond_mine,
          nicolae_orc_sculptors_studio, uniq_sonja
Orc:2:    pf_orc_diabolical, layout_caves, basic_altar, serial_shops,
          nicolae_shop_tiny_glass, shop, nicolae_square_shop, led_sif_book

Table legend: (Time is in decaauts)
 A = Elapsed time spent in this place.
 B = Non-inter-level travel time spent in this place.
 C = Inter-level travel time spent in this place.
 D = Time resting spent in this place.
 E = Time spent auto-exploring this place.
 F = Levels seen in this place.
 G = Mean time per level.
                   A        B        C        D        E       F      G
               +--------+--------+--------+--------+--------+-----+--------+
         Total |  24665 |  23030 |   1635 |   1420 |  14092 |  28 |  880.9 |
       Dungeon |  15889 |  14650 |   1239 |    875 |   9450 |  15 | 1059.3 |
        Temple |     27 |     27 |      0 |      0 |      0 |   1 |   27.0 |
          Lair |   4798 |   4545 |    253 |     32 |   2859 |   5 |  959.6 |
     Snake Pit |   1264 |   1220 |     44 |      0 |    991 |   2 |  632.0 |
  Orcish Mines |   2197 |   2099 |     98 |    428 |    748 |   2 | 1098.5 |
         Sewer |    109 |    109 |      0 |      0 |     43 |   1 |  109.0 |
      Ice Cave |    323 |    323 |      0 |     85 |      0 |   1 |  323.0 |
       Volcano |     53 |     53 |      0 |      0 |      0 |   1 |   53.0 |
               +--------+--------+--------+--------+--------+-----+--------+

Top non-repeatable levels by time:
   Orc:2: 1689 daAuts
  Lair:2: 1455 daAuts
    D:13: 1410 daAuts
    D:11: 1400 daAuts
     D:2: 1386 daAuts
     D:6: 1355 daAuts
     D:8: 1205 daAuts
 Snake:1: 1204 daAuts
     D:4: 1082 daAuts
     D:1: 1042 daAuts
     D:5: 1027 daAuts
     D:7: 988 daAuts
    D:14: 976 daAuts
     D:9: 948 daAuts
  Lair:1: 921 daAuts

Table legend:
 A = Kills in this place as a percentage of kills in the entire game.
 B = Kills by you in this place as a percentage of kills by you in the entire game.
 C = Kills by friends in this place as a percentage of kills by friends in the entire game.
 D = Other kills in this place as a percentage of other kills in the entire game.
 E = Experience gained in this place as a percentage of experience gained in the entire game.
 F = Experience gained in this place divided by the number of levels of this place that you have seen.
                   A       B       C       D       E      F
               +-------+-------+-------+-------+-------+----------------------
         Total | 100.0 | 100.0 | 100.0 |   N/A | 100.0 | 4735.4
       Dungeon |  55.4 |  50.7 |  60.5 |   N/A |  47.9 | 4231.1
          Lair |  23.3 |  18.6 |  28.5 |   N/A |  28.6 | 7573.4
     Snake Pit |   2.3 |   3.2 |   1.3 |   N/A |   5.7 | 3793.0
  Orcish Mines |  17.2 |  25.8 |   7.8 |   N/A |  16.8 | 11157.0
         Sewer |   0.8 |   0.9 |   0.6 |   N/A |   0.1 | 188.0
      Ice Cave |   0.8 |   0.9 |   0.6 |   N/A |   0.6 | 781.0
       Volcano |   0.3 |   0.0 |   0.6 |   N/A |   0.3 | 388.0
               +-------+-------+-------+-------+-------+----------------------
